 Dungeon Crawl Stone Soup version 0.27-a0-797-g27d10ad80f (webtiles) character file.

Game seed: 15513298604021008088

1173 sahdkjhfkaj the Cleaver (level 8, -10/75 HPs)
             Began as a Minotaur Fighter on Mar 27, 2021.
             Mangled by an orc warrior
             ... wielding a +0 battleaxe
              (16 damage)
             ... on level 6 of the Dungeon.
             The game lasted 00:00:54 (5010 turns).

sahdkjhfkaj the Cleaver (Minotaur Fighter)          Turns: 5010, Time: 00:00:55

Health: -10/75     AC:  9    Str: 22    XL:     8   Next: 18%
Magic:  7/7        EV:  7    Int:  5    God:
Gold:   253        SH:  9    Dex: 11    Spells: 7/7 levels left

rFire    . . .     SeeInvis .   a - +0 war axe
rCold    . . .     Faith    .   c - +0 kite shield
rNeg     . . .     Spirit   .   b - +0 scale mail
rPois    .         Reflect  .   (helmet restricted)
rElec    .         Harm     .   (no cloak)
rCorr    .         Rampage  .   s - +1 pair of gloves
Will     .....                  (no boots)
Stlth    ..........             (no amulet)
HPRegen  0.22/turn              (no ring)
MPRegen  0.10/turn              (no ring)

@: no status effects
A: horns 2, retaliatory headbutt
a: no special abilities


You were on level 6 of the Dungeon.
You visited 1 branch of the dungeon, and saw 6 of its levels.

You collected 253 gold pieces.

Inventory:

Hand Weapons
 a - a +0 war axe (weapon)
Armour
 b - a +0 scale mail (worn)
 c - a +0 kite shield (worn)
 s - a +1 pair of gloves (worn)
   (You found it on level 3 of the Dungeon)
Jewellery
 l - an amulet of the acrobat
   (You found it on level 2 of the Dungeon)
Wands
 m - a wand of acid (10)
   (You found it on level 2 of the Dungeon)
Scrolls
 e - a scroll of blinking {unknown}
 f - 2 scrolls of fear {unknown}
 g - 4 scrolls of identify {unknown}
 i - a scroll of acquirement {unknown}
 k - a scroll of amnesia {unknown}
 n - a scroll of vulnerability {unknown}
 q - a scroll of silence {unknown}
 r - 2 scrolls of enchant weapon {unknown}
 t - a scroll of teleportation {unknown}
 x - a scroll of fog {unknown}
 y - 2 scrolls of noise {unknown}
Potions
 d - a potion of might
 h - a potion of ambrosia {unknown}
 j - 2 potions of flight {unknown}
 o - a potion of heal wounds {unknown}
 p - a potion of invisibility {unknown}
 u - a potion of attraction {unknown}
 v - 2 potions of mutation {unknown}
 w - 2 potions of magic {unknown}


   Skills:
 - Level 8.3 Fighting
 + Level 9.3 Axes
 - Level 3.6 Armour
 - Level 3.6 Shields


You had 7 spell levels left.
You didn't know any spells.
Your spell library was empty.

Dungeon Overview and Level Annotations

Branches:
Dungeon (6/15)
 Temple: D:4-7

Altars:
Fedhas
Nemelex Xobeh
Qazlal
Xom

Shops:
D:4 *


Innate Abilities, Weirdness & Mutations

You have a pair of horns on your head.
You reflexively headbutt those who attack you in melee.


Message History

You are too injured to fight recklessly!
You are too injured to fight recklessly!
There are monsters nearby!
There are monsters nearby!
There are monsters nearby!
There are monsters nearby!
You are too injured to fight recklessly!
You are too injured to fight recklessly!
You are too injured to fight recklessly!
You are too injured to fight recklessly!
You are too injured to fight recklessly!
You are too injured to fight recklessly!
You are too injured to fight recklessly!
You are too injured to fight recklessly!
You are too injured to fight recklessly!
You are too injured to fight recklessly!
You are too injured to fight recklessly!
You are too injured to fight recklessly!
There are monsters nearby!
There are monsters nearby!
There are monsters nearby!
There are monsters nearby!
The orc wizard gestures at you while chanting.
The magic dart hits you but does no damage.
Okay, then.
Okay, then.
There is a stone staircase leading down here.
The orc wizard points at itself and mumbles some strange words.
The orc wizard flickers and vanishes!
Deactivating autopickup; reactivate with Ctrl-A.
The orc warrior hits you with a +0 battleaxe!
* * * LOW HITPOINT WARNING * * *
You block the orc warrior's attack.
A magic dart appears from out of thin air!
The magic dart hits you.
* * * LOW HITPOINT WARNING * * *
Something tries to affect you, but you resist.
There is a stone staircase leading up here.
The orc warrior hits you with a +0 battleaxe!
You die...

#.###..##...
#.##........
#.#..#...###
#>#.##....##
#.#.#..##...
#......####.
########.#####....
#.....†..####..##.
#@o.....#.....###.
#.........##### #.
#......#### #.
#......# #.
#.(....# #.
######## ##


You could see an orc warrior.

Vanquished Creatures
  Eustachio (D:6)
  A necrophage (D:6)
  A phantom (D:4)
  A water moccasin zombie (D:5)
  5 scorpions
  A bullfrog zombie (D:2)
  2 centaur zombies
  2 jellies (D:4)
  2 hounds
  An orc priest (D:3)
  3 iguanas
  7 gnolls (D:3)
  7 adders
  An adder skeleton (D:4)
  3 worms
  6 dart slugs
  11 orcs
  8 bats
  4 endoplasms
  3 giant cockroaches (D:1)
  4 goblins
  11 hobgoblins
  8 jackals
  11 kobolds
  3 quokkas
  5 ball pythons
  3 frilled lizards
  A quokka skeleton (D:4)
  4 rats
120 creatures vanquished.

Vanquished Creatures (others)
  4 plants (D:4)
4 creatures vanquished.

Grand Total: 124 creatures vanquished

Notes
Turn   | Place    | Note
-------+----------+-------------------------------------------
     0 | D:1      | sahdkjhfkaj the Minotaur Fighter began the quest for the
                  | Orb.
     0 | D:1      | Reached XP level 1. HP: 19/19 MP: 0/0
    49 | D:1      | Reached XP level 2. HP: 27/28 MP: 1/1
   328 | D:1      | Reached skill level 5 in Fighting
   332 | D:1      | Reached XP level 3. HP: 30/36 MP: 2/2
   952 | D:2      | Reached XP level 4. HP: 12/45 MP: 3/3
  1863 | D:3      | Reached XP level 5. HP: 52/52 MP: 4/4
  2042 | D:3      | Found a shimmering altar of Xom.
  2285 | D:3      | Found a stormy altar of Qazlal.
  2885 | D:4      | Reached XP level 6. HP: 38/62 MP: 5/5
  2891 | D:4      | Reached skill level 3 in Axes
  3020 | D:4      | Reached skill level 4 in Axes
  3174 | D:4      | Found Qoush's Assorted Antiques.
  3226 | D:4      | Reached skill level 5 in Axes
  3436 | D:4      | Reached XP level 7. HP: 69/69 MP: 6/6
  3566 | D:5      | Entered Level 5 of the Dungeon
  3576 | D:5      | Reached skill level 6 in Axes
  4042 | D:5      | Reached skill level 7 in Axes
  4685 | D:6      | Found a sparkling altar of Nemelex Xobeh.
  4708 | D:6      | Noticed Eustachio
  4715 | D:6      | Killed Eustachio
  4716 | D:6      | Reached skill level 8 in Axes
  4780 | D:6      | Reached XP level 8. HP: 74/75 MP: 7/7
  4803 | D:6      | Found a blossoming altar of Fedhas.
  4838 | D:6      | Reached skill level 9 in Axes
  4996 | D:6      | HP: 3/75 [something/magic dart (4)]
  5010 | D:6      | Mangled by an orc warrior

Illustrated notes

Levels and vault maps discovered:
D:1:      dpeg_arrival_houses_and_road, layout_basic, serial_glass,
          glass_columns_b, glass_columns_c
D:2:      layout_loops_ring, minivault_5, minmay_heptomino_h4
D:3:      layout_loops_ring, general_overflow_altar, xom_teletrap_fun,
          kennysheep_generic_room_8
D:4:      layout_rooms, serial_shops, nicolae_shop_overgrown_old_shop
D:5:      layout_basic, nicolae_ossuary_entry_monument
D:6:      layout_rooms, lemuel_doored_altar, fedhas_altar_1, uniq_eustachio

Skill      XL: |  1  2  3  4  5  6  7  8 |
---------------+-------------------------+-----
Fighting       | 4 5 6 7 8 |  8.3
Axes           | 5 8 9 |  9.3
Armour         | |  3.6
Shields        | |  3.6

Action                   |  1- 3 |  4- 6 |  7- 9 || total
-------------------------+-------+-------+-------++-------
Melee: War axe           |    78 |   127 |    65 ||   270
       Headbutt          |    11 |    16 |    22 ||    49
Armor: Scale mail        |    47 |    56 |    36 ||   139
Dodge: Dodged            |    32 |    44 |    28 ||   104
Block: Kite shield       |    52 |    80 |    49 ||   181

Table legend: (Time is in decaauts)
 A = Elapsed time spent in this place.
 B = Non-inter-level travel time spent in this place.
 C = Inter-level travel time spent in this place.
 D = Time resting spent in this place.
 E = Time spent auto-exploring this place.
 F = Levels seen in this place.
 G = Mean time per level.
                   A        B        C        D        E       F      G
               +--------+--------+--------+--------+--------+-----+--------+
         Total |   5151 |   4992 |    159 |      0 |   4267 |   6 |  858.5 |
       Dungeon |   5151 |   4992 |    159 |      0 |   4267 |   6 |  858.5 |
               +--------+--------+--------+--------+--------+-----+--------+

Top non-repeatable levels by time:
     D:3: 1150 daAuts
     D:5: 1099 daAuts
     D:2: 1054 daAuts
     D:1: 750 daAuts
     D:4: 730 daAuts
     D:6: 366 daAuts
